Map: Eternal Empire LE

Players

antagomiR - Winner!

  • Race: Protoss Protoss
  • League: Gold
  • Spawn Location: 1:00

VOD

Have the link to the VOD?

Description

Time

  • Played on: April 21, 2020, 1:26 p.m.
  • Length: 10:24
Show
View Real Time Build Order
Export as new Build Order

antagomiR Protoss - Winner!

Build Orders: 1 Gate Expand, Colossus Rush 

Get SALT Encoding   

  12  0:04  Probe  
  12  0:16  Probe  
  12  0:20  Pylon  
  12  0:28  Probe  
  12  0:40  Gateway  
  12  0:43  Probe (Chrono Boost)  
  12  0:55  Probe (Chrono Boost)  
  12  0:59  Assimilator  
  12  1:00  Probe (Chrono Boost)  
  12  1:10  Probe  
  12  1:22  Probe  
  12  1:33  Nexus  
  12  1:43  Cybernetics Core  
  12  1:49  Assimilator  
  12  1:53  Pylon  
  12  1:54  Probe  
  12  2:06  Probe  
  12  2:18  Probe  
  12  2:27  Warp Gate  
  12  2:29  Adept (Chrono Boost)  
  12  2:37  Probe  
  12  2:49  Probe  
  12  2:52  Robotics Facility  
  12  2:59  Stalker  
  12  3:01  Probe  
  12  3:09  Probe  
  12  3:13  Probe  
  12  3:21  Probe  
  12  3:27  Probe  
  12  3:30  Sentry  
  12  3:33  Probe  
  12  3:40  Probe  
  12  3:45  Probe, Gateway x2  
  12  3:46  Observer  
  12  3:52  Probe  
  12  3:57  Probe  
  12  4:05  Pylon  
  12  4:08  Observer  
  12  4:12  Pylon  
  12  4:16  Pylon  
  12  4:21  Probe x2  
  12  4:22  Robotics Bay  
  12  4:33  Probe x2  
  12  4:45  Probe x2  
  12  4:48  Sentry  
  12  4:58  Probe x2  
  12  5:10  Probe x2  
  12  5:12  Colossus  
  12  5:13  Pylon  
  12  5:17  Pylon  
  12  5:22  Assimilator  
  12  5:26  Assimilator  
  12  5:33  Probe x2  
  12  5:37  Pylon, Nexus  
  12  5:42  Stalker x2  
  12  5:50  Gateway  
  12  5:51  Gateway  
  12  5:53  Gateway  
  12  5:56  Gateway  
  12  5:58  Gateway  
  12  5:59  Zealot  
  12  6:14  Probe  
  12  6:15  Probe  
  12  6:20  Extended Thermal Lance  
  12  6:27  Probe  
  12  6:29  Forge  
  12  6:51  Twilight Council  
  12  6:52  Probe x2  
  12  6:53  Probe  
  12  7:04  Probe x2  
  12  7:05  Probe  
  12  7:06  Colossus  
  12  7:11  Zealot x3  
  12  7:12  Zealot x5  
  12  7:16  Probe  
  12  7:17  Probe  
  12  7:18  Assimilator  
  12  7:21  Probe  
  12  7:22  Assimilator  
  12  7:28  Probe  
  12  7:29  Probe  
  12  7:40  Sentry  
  12  7:41  Zealot  
  12  7:55  Pylon  
  12  8:06  Pylon  
  12  8:08  Photon Cannon  
  12  8:11  Protoss Ground Weapons Level 1 (Chrono Boost), Photon Cannon  
  12  8:13  Probe x2, Colossus  
  12  8:18  Pylon  
  12  8:19  Photon Cannon  
  12  8:20  Charge (Chrono Boost)  
  12  8:24  Probe  
  12  8:33  Stalker  
  12  8:35  Zealot x2  
  12  8:36  Zealot  
  12  8:37  Zealot x3  
  12  8:48  Pylon  
  12  8:50  Templar Archives  
  12  8:52  Probe  
  12  9:00  Pylon  
  12  9:02  Pylon  
  12  9:06  Probe x2  
  12  9:26  High Templar  
  12  9:27  High Templar x2  
  12  9:28  High Templar x2  
  12  9:29  High Templar x3  
  12  9:31  Archon  
  12  9:32  Archon x2  
  12  9:34  Archon  
  12  9:52  Gateway  
  12  9:54  Gateway  
  12  9:56  Gateway  
  12  10:17  Nexus  
  12  10:18  Pylon  
  12  10:20  Assimilator  
Tags
 
Add a new tag
Caveats
  • Supply blocks, unpowered buildings, or Contaminate may cause inaccurate times.
  • Supply counts are checked every 10 seconds.